 Dungeon Crawl Stone Soup version 0.27-a0-1105-g946c659c87 (webtiles) character file.

Game seed: 5998931791397627936

196207 DogServant the Victor of a Thousand Battles (level 18, 0/140 HPs)
             Began as a Gnoll Venom Mage on Apr 29, 2021.
             Was the Champion of Okawaru.
             Slain by a nagaraja
             ... wielding a +0 spear
              (1 damage)
             ... on level 4 of the Snake Pit.
             The game lasted 02:26:01 (38255 turns).

DogServant the Victor of a Thousand Battles (GnVM) Turns: 38255, Time: 02:26:02

Health: 0/140      AC: 21    Str: 19    XL:     18   Next: 81%
Magic:  11/31      EV: 16    Int: 18    God:    Okawaru [******]
Gold:   93         SH:  9    Dex: 17    Spells: 1/42 levels left

rFire    + . .     SeeInvis .   h - +7 demon blade of Diet Blood {freeze, Str+3 Dex+2 Stlth+}
rCold    + . .     Faith    .   M - +2 buckler
rNeg     . . .     Spirit   .   Q - +0 acid dragon scales
rPois    .         Reflect  .   s - +2 helmet
rElec    .         Harm     .   a - scarf {rC+ rF+}
rCorr    +         Rampage  .   v - +2 pair of gloves
Will     ++...                  i - +2 pair of boots
Stlth    ++++++....             r - amulet of regeneration
HPRegen  1.33/turn              N - +6 ring of strength
MPRegen  0.22/turn              X - ring of willpower

@: lethally poisoned (0 -> -4), unable to read, very slightly contaminated,
slowed, constricted, very slow
A: fangs 1, strong nose, distributed training, iridescent scales 1, low mp 1,
inability to read while threatened
a: Renounce Religion, Heroism, Finesse


You were on level 4 of the Snake Pit.
You worshipped Okawaru.
Okawaru was exalted by your worship.
You visited 5 branches of the dungeon, and saw 28 of its levels.
You also visited: Sewer and Ice Cave.

You collected 2476 gold pieces.
You spent 2383 gold pieces at shops.

Inventory:

Hand Weapons
 h - the +7 demon blade of Diet Blood (weapon) {freeze, Str+3 Dex+2 Stlth+}
   (You found it on level 6 of the Dungeon)

   It has been specially enchanted to freeze those struck by it, causing extra
   injury to most foes and up to half again as much damage against particularly
   susceptible opponents.
   It can also slow down cold-blooded creatures.
   It affects your strength (+3).
   It affects your dexterity (+2).
   It makes you more stealthy.
 C - the +1 hand axe "Soxer" {drain, rF- Will+++ Dex+9 SInv}
   (Okawaru gifted it to you on level 13 of the Dungeon)

   A truly terrible weapon, it drains the life of those it strikes.
   It affects your dexterity (+9).
   It makes you vulnerable to fire.
   It lets you see invisible.
   It greatly increases your willpower.
Armour
 a - a scarf of resistance (worn)
 i - a +2 pair of boots (worn)
 s - a +2 helmet (worn)
 u - the +0 scale mail of Life {rPois rF++}
   (You bought it in a shop on level 15 of the Dungeon)

   It greatly protects you from fire.
   It protects you from poison.
 v - a +2 pair of gloves (worn)
 B - a +2 cloak of poison resistance
 K - a +1 pair of gloves of stealth
 M - a +2 buckler (worn)
 Q - +0 acid dragon scales (worn)
Magical Staves
 A - a staff of earth
Jewellery
 r - an amulet of regeneration (around neck)
 I - a +4 ring of protection
 J - a ring of resist corrosion
 N - a +6 ring of strength (left hand)
 S - a ring of flight
 X - a ring of willpower (right hand)
Wands
 e - a wand of digging (9)
 m - a wand of charming (7)
 x - a wand of flame (63)
 D - a wand of iceblast (23) (quivered)
 G - a wand of polymorph (7)
 H - a wand of mindburst (12)
 P - a wand of paralysis (28)
 U - a wand of acid (7)
Scrolls
 b - 6 scrolls of fear
 j - 8 scrolls of fog
 k - 7 scrolls of teleportation
 y - 8 scrolls of amnesia
 z - 7 scrolls of identify
 E - a scroll of enchant armour
 F - 2 scrolls of magic mapping
 O - 3 scrolls of enchant weapon
 R - 7 scrolls of blinking
 T - 4 scrolls of immolation
 W - 2 scrolls of brand weapon
Potions
 c - 2 potions of attraction
 d - 2 potions of berserk rage
 f - 3 potions of heal wounds
 g - 12 potions of curing
 l - 3 potions of lignification
 n - a potion of might
 o - 5 potions of brilliance
 p - 3 potions of magic
 q - 2 potions of ambrosia
 t - 6 potions of haste
 w - 6 potions of flight
 V - a potion of cancellation


   Skills:
 + Level 12.0 Fighting
 + Level 12.0 Short Blades
 + Level 12.0 Long Blades
 + Level 12.0 Axes
 + Level 12.0 Maces & Flails
 + Level 12.0 Polearms
 + Level 12.0 Staves
 + Level 12.0 Slings
 + Level 12.0 Bows
 + Level 12.0 Crossbows
 + Level 12.0 Throwing
 + Level 12.0 Armour
 + Level 12.7 Dodging
 + Level 12.6 Stealth
 + Level 12.0 Shields
 + Level 12.0 Unarmed Combat
 + Level 12.9 Spellcasting
 + Level 10.3 Conjurations
 + Level 10.3 Hexes
 + Level 10.3 Summonings
 + Level 10.3 Necromancy
 + Level 10.3 Translocations
 + Level 10.5 Transmutations
 + Level 10.3 Fire Magic
 + Level 10.3 Ice Magic
 + Level 10.3 Air Magic
 + Level 10.3 Earth Magic
 + Level 11.5 Poison Magic
 + Level 13.0 Invocations
 + Level 12.0 Evocations


You had one spell level left.
You knew the following spells:

 Your Spells              Type           Power      Damage    Failure   Level
a - Sting                 Tmut/Pois      100%       1d8       1%          1
b - Poisonous Vapours     Pois/Air       100%       N/A       1%          2
c - Ignite Poison         Fire/Tmut/Pois 50%        N/A       1%          3
d - Mephitic Cloud        Conj/Pois/Air  50%        N/A       1%          3
e - Olgreb's Toxic Radia  Pois           52%        N/A       1%          4
f - Irradiate             Conj/Tmut      24%        3d21      2%          5
g - Eringya's Noxious Bo  Tmut/Pois      25%        N/A       12%         6
h - Statue Form           Tmut/Erth      32%        N/A       16%         6
i - Bolt of Magma         Conj/Fire/Erth 24%        4d12      3%          5
j - Iron Shot             Conj/Erth      24%        9d5       16%         6

Your spell library contained the following spells:

 Spells                   Type           Power      Damage    Failure   Level
 Animate Skeleton         Necr           96%        N/A       1%          1
 Apportation              Tloc           96%        N/A       1%          1
 Corona                   Hex            53%        N/A       1%          1
 Magic Dart               Conj           100%       1d8       1%          1
 Summon Small Mammal      Summ           100%       N/A       1%          1
 Blink                    Tloc           N/A        N/A       1%          2
 Call Imp                 Summ           48%        N/A       1%          2
 Slow                     Hex            48%        N/A       1%          2
 Static Discharge         Conj/Air       48%        N/A       1%          2
 Conjure Flame            Conj/Fire      48%        6-21      1%          3
 Cause Fear               Hex            24%        N/A       1%          4
 Yara's Violent Unravell  Hex/Tmut       24%        3d11      2%          5
 Iskenderun's Battlesphe  Conj           48%        2d10      3%          5
 Silence                  Hex/Air        24%        N/A       3%          5
 Blade Hands              Tmut           24%        N/A       14%         6
 Conjure Ball Lightning   Conj/Air       24%        3x3d7     16%         6
 Freezing Cloud           Conj/Ice/Air   24%        6-21      16%         6
 Dragon Form              Tmut           24%        N/A       63%         7
 Orb of Destruction       Conj           24%        9d10      65%         7
 Spellforged Servitor     Conj/Summ      24%        N/A       65%         7
 Discord                  Hex            24%        N/A       100%        8


Dungeon Overview and Level Annotations

Branches:
Dungeon (15/15)            Temple (1/1) D:4            Lair (6/6) D:9
 Shoals (0/4) Lair:3        Snake (4/4) Lair:2        Slime (0/5) Lair:5
    Orc (2/2) D:12            Elf (0/3) Orc:2        Vaults (0/5) D:14
 Depths (0/5) D:15          Sewer (visited)           IceCv (visited)

Altars:
Ashenzari
Cheibriados
Dithmenos
Elyvilon
Fedhas
Gozag
Hepliaklqana
Kikubaaqudgha
Makhleb
Nemelex Xobeh
Okawaru
Qazlal
Ru
Sif Muna
Trog
Uskayaw
Vehumet
Wu Jian
Xom
Yredelemnul
Zin
The Shining One
Beogh
Jiyva
Lugonu

Shops:
D:2 (   D:7 (!!   D:8 !   D:13 *   D:15 *   Orc:2 (*[=(   Snake:1 *:=:
Snake:2 *   Snake:3 [

Portals:
Abyss: D:15

Annotations:
D:3 exclusion: centaur
D:4 exclusion: Edmund
D:5 1 runed translucent door
D:13 3 runed translucent doors, Ophy Cobb's ghost, journeyman VSCj
Lair:6 1 runed translucent door, crabbyslav's ghost, journeyman HOBe


Innate Abilities, Weirdness & Mutations

You have very sharp teeth.
Your uncanny sense of smell can sniff out nearby items.
Your experience applies equally to all skills.
You are partially covered in iridescent scales. (AC +2)
Your magical capacity is low. (-10% MP)
You sometimes lose the ability to read scrolls when taking damage.


Message History

The naga warrior is blasted with magical radiation!!!
The naga warrior is moderately wounded.
The naga warrior twists and deforms.
You revert to your normal fleshy form.
Your +2 pair of gloves unmelds from your body.
Your +2 pair of boots unmelds from your body.
Your +0 acid dragon scales unmelds from your body.
The naga mage barely misses you. The naga mage completely misses you.
The nagaraja mumbles some strange words.
The nagaraja seems to speed up.
The naga warrior roars a battlecry!
The naga sharpshooter goes into a battle-frenzy!
The nagaraja barely misses you. The nagaraja grabs you.
The nagaraja constricts you. You block the naga mage's attack.
The nagaraja hits you from afar with a +0 halberd!
You feel threatened and lose the ability to read scrolls!
The naga warrior spits poison at you.
The splash of poison hits you but does no damage.
You are poisoned.
You have difficulty breathing.
You feel yourself slow down. The nagaraja closely misses you.
The nagaraja constricts you.
Unknown command.
Casting: Irradiate (mildly dangerous; 2% risk of failure)
Confirm with . or Enter, or press ? or * to list all spells.
You miscast Statue Form.
Nothing appears to happen.
You feel extremely sick.
The nagaraja is no longer moving quickly.
The naga mage spits poison at you. You block the splash of poison.
The nagaraja hits you from afar with a +0 halberd!!
You block the nagaraja's attack. The nagaraja constricts you.
The naga warrior misses you.
You riposte.
You slice the naga warrior!! You freeze the naga warrior!
The naga warrior is severely wounded.
The naga mage hits you with a +0 club!
* * * LOW HITPOINT WARNING * * *
The nagaraja hits you from afar with a +0 halberd!!!
* * * LOW HITPOINT WARNING * * *
The nagaraja closely misses you.
You die...

##....#............#
.#....#..#......N#.#
.................#.#
...#####[#########(## #...#
#)## #[.# ..#.####..### ##)#
............#######[## ######
##..##....).....NN#[$#####....#
.............))N@.NN))........#
#......####.########))####....#
#.....## ### ####)..##...###
##.....## ####.............
#..##..# ###..#...N.........#
##...#.# #...)#N.....NN....N#
#..#.### #...[...#N....#....#
##.##.### #....##..........N..#
........# #... ##........#..##


You could see a naga warrior (curare, catching breath, misshapen), 2 nagarajas,
a naga sharpshooter (strong, curare) and a naga mage (fast, strong, catching
breath, misshapen).

Vanquished Creatures
  Vashnia (Snake:4)
  Nikola (Snake:2)
  Agnes (Snake:3)
  Kirke (Lair:4)
  3 nagarajas
  An orc warlord (Orc:2)
  A dire elephant (D:15)
  10 naga warriors
  10 hydras
  A salamander tyrant (Snake:3)
  5 vault guards (D:14)
  A boulder beetle (D:15)
  2 centaur warriors (D:14)
  4 catoblepae
  12 anacondas
  An anaconda (shapeshifter) (D:15)
  A death knight (D:15)
  4 two-headed ogres
  A tengu warrior (D:14)
  7 death yaks
  A deep troll shaman (Lair:6)
  11 naga sharpshooters
  An orc high priest (Orc:2)
  Nergalle (Orc:2)
  9 shock serpents
  A skeletal warrior (D:15)
  5 salamander mystics
  2 sea snakes (Snake:1)
  9 naga ritualists
  7 orc knights
  10 mana vipers
  2 wolf spiders (D:15)
  24 ugly things
  2 deep elf pyromancers
  4 orc sorcerers
  2 cyclopes
  18 salamanders
  3 manticores
  7 elephants (Lair:6)
  2 merfolk sirens (Lair:3)
  20 naga magi
  3 guardian serpents
  A gargoyle (D:14)
  32 black mambas
  13 cane toads
  A yaktaur (D:15)
  A freezing wraith (D:15)
  7 rime drakes
  12 komodo dragons
  A tengu conjurer (D:14)
  7 trolls
  2 merfolk (Lair:3)
  6 polar bears
  A hornet (D:9)
  Grinder (D:6)
  19 blink frogs
  14 dream sheep
  A raiju (shapeshifter) (D:15)
  5 slime creatures
  2 shadows (D:10)
  6 wyverns
  4 wraiths
  79 yaks
  11 humans
  A wyvern (shapeshifter) (D:12)
  A water elemental (D:15)
  5 basilisks
  Menkaure (D:7)
  Edmund (D:4)
  8 wargs
  4 acid dragons
  37 nagas
  16 water moccasins
  2 sky beasts
  27 orc warriors
  7 ice beasts
  3 black bears
  4 centaurs
  8 wolves
  8 ogres
  2 kobold brigands (D:12)
  14 bullfrogs
  Blork the orc (D:6)
  10 gnoll sergeants
  A scorpion (D:5)
  6 killer bees (D:8)
  11 wights
  6 electric eels
  A lava snake (D:7)
  2 howler monkeys
  3 centaur zombies
  A centaur skeleton (D:4)
  7 hounds
  2 jellies
  2 gnoll shamans (D:8)
  13 orc priests
  4 bullfrog skeletons
  2 iguanas
  24 orc wizards
  Natasha (thrice) (D:2)
  2 howler monkey zombies
  Robin (D:4)
  21 gnolls
  11 adders
  8 river rats (Sewer)
  A shadow imp (D:8)
  13 white imps
  An adder skeleton (D:4)
  A worm (D:2)
  2 dart slugs
  63 orcs
  10 endoplasms
  3 giant cockroaches (D:3)
  12 goblins
  14 hobgoblins
  9 jackals
  8 quokkas
  11 ball pythons
  4 bats
  4 frilled lizards
  8 kobolds
  23 rats
  A butterfly (Lair:5)
  A lurking horror (D:15)
918 creatures vanquished.

Vanquished Creatures (others)
  A salamander tyrant (Snake:2)
  A vault guard (D:14)
  A salamander (Snake:2)
  4 black mambas
  A rime drake (Lair:4)
  A tengu conjurer (D:14)
  2 humans (Lair:4)
  An orc warrior (Orc:2)
  An orc priest (Orc:2)
  An orc wizard (Orc:2)
  An orc (Orc:2)
  A bush (Lair:3)
  25 fungi
  29 plants
70 creatures vanquished.

Grand Total: 988 creatures vanquished

Notes
Turn   | Place    | Note
-------+----------+-------------------------------------------
     0 | D:1      | DogServant the Gnoll Venom Mage began the quest for the
                  | Orb.
     0 | D:1      | Reached XP level 1. HP: 13/13 MP: 6/6
   269 | D:1      | Reached XP level 2. HP: 14/19 MP: 1/7
   631 | D:1      | You fall into a shaft and drop 1 floor!
   665 | D:2      | Reached XP level 3. HP: 19/25 MP: 0/9
   760 | D:2      | Noticed Natasha
   765 | D:2      | Learned a level 2 spell: Poisonous Vapours
   769 | D:2      | Learned a level 3 spell: Ignite Poison
   773 | D:2      | Learned a level 3 spell: Mephitic Cloud
   796 | D:2      | Killed Natasha
   797 | D:2      | Reached skill level 5 in Spellcasting
   797 | D:2      | Reached skill level 1 in Invocations
   856 | D:2      | Reached skill level 1 in Fighting
   856 | D:2      | Reached skill level 1 in Short Blades
   856 | D:2      | Reached skill level 1 in Long Blades
   856 | D:2      | Reached skill level 1 in Axes
   856 | D:2      | Reached skill level 1 in Maces & Flails
   856 | D:2      | Reached skill level 1 in Polearms
   856 | D:2      | Reached skill level 1 in Staves
   856 | D:2      | Reached skill level 1 in Slings
   856 | D:2      | Reached skill level 1 in Bows
   856 | D:2      | Reached skill level 1 in Crossbows
   856 | D:2      | Reached skill level 1 in Throwing
   856 | D:2      | Reached skill level 1 in Armour
   856 | D:2      | Reached skill level 1 in Shields
   856 | D:2      | Reached skill level 1 in Unarmed Combat
   856 | D:2      | Reached skill level 1 in Evocations
   917 | D:2      | Noticed Natasha
   919 | D:2      | Found Laros's Antique Weapon Boutique.
   922 | D:2      | Killed Natasha
   923 | D:2      | Reached XP level 4. HP: 32/32 MP: 6/11
  1259 | D:2      | Reached skill level 1 in Conjurations
  1259 | D:2      | Reached skill level 1 in Hexes
  1259 | D:2      | Reached skill level 1 in Summonings
  1259 | D:2      | Reached skill level 1 in Necromancy
  1259 | D:2      | Reached skill level 1 in Translocations
  1259 | D:2      | Reached skill level 1 in Fire Magic
  1259 | D:2      | Reached skill level 1 in Ice Magic
  1259 | D:2      | Reached skill level 1 in Air Magic
  1259 | D:2      | Reached skill level 1 in Earth Magic
  1408 | D:2      | Noticed Natasha
  1415 | D:2      | Killed Natasha
  1416 | D:2      | Reached XP level 5. HP: 24/37 MP: 3/12
  1853 | D:3      | Noticed a centaur
  1924 | D:3      | Found a glowing drain.
  1948 | Sewer    | Entered a sewer
  2336 | Sewer    | Learned a level 4 spell: Olgreb's Toxic Radiance
  2682 | Sewer    | Reached skill level 2 in Invocations
  2682 | Sewer    | Reached XP level 6. HP: 32/44 MP: 1/13
  2897 | Sewer    | Reached skill level 5 in Dodging
  2897 | Sewer    | Reached XP level 7. HP: 47/50 MP: 7/15
  3881 | D:4      | Found a staircase to the Ecumenical Temple.
  3894 | Temple   | Entered the Ecumenical Temple
  4273 | Temple   | Became a worshipper of Warmaster Okawaru
  4315 | D:4      | Noticed Edmund
  4354 | D:4      | You fall into a shaft and drop 1 floor!
  4354 | D:5      | Entered Level 5 of the Dungeon
  4659 | D:4      | Killed Edmund
  4660 | D:4      | Reached skill level 5 in Stealth
  4660 | D:4      | Reached skill level 3 in Invocations
  4959 | D:4      | Reached * piety under Okawaru
  5045 | D:4      | Reached XP level 8. HP: 57/57 MP: 9/16
  5260 | D:4      | Noticed Robin
  5263 | D:4      | Killed Robin
  6392 | D:6      | Reached ** piety under Okawaru
  6393 | D:6      | Reached skill level 4 in Invocations
  6605 | D:6      | Noticed Blork the orc
  6818 | D:6      | Reached XP level 9. HP: 59/62 MP: 9/18
  6889 | D:6      | Noticed Grinder
  6922 | D:6      | Killed Grinder
  7153 | D:6      | Killed Blork the orc
  7755 | D:5      | Found a runed translucent door.
  8790 | D:7      | Found Hugehast's Distillery.
  8796 | D:7      | Bought a potion of heal wounds for 55 gold pieces
  9103 | D:7      | Noticed Menkaure
  9109 | D:7      | Found Suseqad's Distillery.
  9111 | D:7      | Killed Menkaure
  9111 | D:7      | Reached *** piety under Okawaru
  9184 | D:7      | Identified the Reference Book on Floating Poisoning
  9189 | D:7      | Bought a potion of heal wounds for 80 gold pieces
  9479 | D:7      | Found Woucwe's Weapon Shop.
  9804 | D:8      | Reached skill level 5 in Invocations
 10163 | D:8      | Received a gift from Okawaru
 10171 | D:8      | Reached XP level 10. HP: 61/73 MP: 3/20
 10847 | D:8      | Found Qiweol's Distillery.
 10864 | D:8      | Reached skill level 5 in Fighting
 10864 | D:8      | Reached skill level 5 in Short Blades
 10864 | D:8      | Reached skill level 5 in Long Blades
 10864 | D:8      | Reached skill level 5 in Axes
 10864 | D:8      | Reached skill level 5 in Maces & Flails
 10864 | D:8      | Reached skill level 5 in Polearms
 10864 | D:8      | Reached skill level 5 in Staves
 10864 | D:8      | Reached skill level 5 in Slings
 10864 | D:8      | Reached skill level 5 in Bows
 10864 | D:8      | Reached skill level 5 in Crossbows
 10864 | D:8      | Reached skill level 5 in Throwing
 10864 | D:8      | Reached skill level 5 in Armour
 10864 | D:8      | Reached skill level 5 in Shields
 10864 | D:8      | Reached skill level 5 in Unarmed Combat
 10864 | D:8      | Reached skill level 5 in Evocations
 10904 | D:8      | Identified the +2 robe of Negligence {Int+3}
 11367 | D:9      | Found a shadowy altar of Dithmenos.
 11374 | D:9      | Reached **** piety under Okawaru
 11517 | D:9      | Received a gift from Okawaru
 11518 | D:9      | Reached skill level 5 in Transmutations
 11758 | D:9      | Reached skill level 6 in Invocations
 12488 | D:9      | Found a staircase to the Lair.
 12494 | D:9      | Reached ***** piety under Okawaru
 12552 | D:9      | Reached XP level 11. HP: 81/81 MP: 13/22
 12866 | D:10     | Entered Level 10 of the Dungeon
 13159 | D:10     | Reached skill level 5 in Conjurations
 13159 | D:10     | Reached skill level 5 in Hexes
 13159 | D:10     | Reached skill level 5 in Summonings
 13159 | D:10     | Reached skill level 5 in Necromancy
 13159 | D:10     | Reached skill level 5 in Translocations
 13159 | D:10     | Reached skill level 5 in Fire Magic
 13159 | D:10     | Reached skill level 5 in Ice Magic
 13159 | D:10     | Reached skill level 5 in Air Magic
 13159 | D:10     | Reached skill level 5 in Earth Magic
 13442 | D:10     | Noticed a two-headed ogre
 13447 | D:10     | Killed a two-headed ogre
 13447 | D:10     | Received a gift from Okawaru
 13632 | D:10     | Noticed an eight-headed hydra
 13813 | Lair:1   | Entered Level 1 of the Lair of Beasts
 13956 | Lair:1   | Received a gift from Okawaru
 13974 | Lair:1   | Reached skill level 7 in Invocations
 14643 | Lair:1   | Noticed a six-headed hydra
 14651 | Lair:1   | Learned a level 5 spell: Irradiate
 14658 | Lair:1   | Learned a level 6 spell: Eringya's Noxious Bog
 14969 | D:10     | Killed an eight-headed hydra
 15442 | D:11     | Reached XP level 12. HP: 89/89 MP: 16/24
 15498 | D:11     | Noticed a two-headed ogre
 15506 | D:11     | Killed a two-headed ogre
 15511 | D:11     | Received a gift from Okawaru
 16143 | D:11     | Noticed a two-headed ogre
 16148 | D:11     | Killed a two-headed ogre
 17000 | Lair:2   | Reached skill level 8 in Invocations
 17274 | Lair:2   | Found a staircase to the Snake Pit.
 17781 | Lair:3   | Received a gift from Okawaru
 18566 | Lair:3   | Reached ****** piety under Okawaru
 18570 | Lair:3   | Reached XP level 13. HP: 92/98 MP: 13/26
 18690 | Lair:3   | Received a gift from Okawaru
 18862 | Lair:3   | Found a staircase to the Shoals.
 19232 | Lair:3   | Reached skill level 9 in Invocations
 20015 | Lair:4   | Noticed Kirke
 20025 | Lair:4   | Killed Kirke
 21009 | Lair:5   | Reached skill level 10 in Spellcasting
 21020 | Lair:5   | Found a viscous altar of Jiyva.
 21020 | Lair:5   | Found a staircase to the Slime Pits.
 21193 | Lair:5   | Received a gift from Okawaru
 21216 | Lair:5   | Learned a level 6 spell: Statue Form
 21339 | Lair:5   | Reached XP level 14. HP: 97/106 MP: 18/28
 21814 | Lair:5   | Received a gift from Okawaru
 21815 | Lair:5   | Reached skill level 10 in Dodging
 22368 | Lair:6   | Entered Level 6 of the Lair of Beasts
 22374 | Lair:6   | Identified the +0 pair of boots "Umiyplar" {Str+3} (Okawaru
                  | gifted it to you on level 6 of the Lair of Beasts)
 22374 | Lair:6   | Received a gift from Okawaru
 22536 | Lair:6   | Found a runed translucent door.
 22536 | Lair:6   | Found a shimmering altar of Xom.
 22536 | Lair:6   | Noticed crabbyslav's ghost (journeyman HOBe)
 22749 | Lair:6   | Reached skill level 10 in Stealth
 22968 | Lair:6   | Reached skill level 10 in Invocations
 24552 | Lair:6   | Identified the +2 robe of the Furrier {Dex+4}
 24649 | Lair:6   | Received a gift from Okawaru
 25529 | D:12     | Found a gate leading to a gauntlet.
 26198 | D:12     | Found a staircase to the Orcish Mines.
 26296 | Orc:1    | Entered Level 1 of the Orcish Mines
 26424 | Orc:1    | Reached XP level 15. HP: 91/115 MP: 13/29
 26861 | Orc:2    | Entered Level 2 of the Orcish Mines
 26867 | Orc:2    | Received a gift from Okawaru
 27343 | Orc:2    | Found Zamigei's Weapon Boutique.
 27377 | Orc:2    | Noticed an orc warlord
 27450 | Orc:2    | Killed an orc warlord
 27450 | Orc:2    | Received a gift from Okawaru
 27451 | Orc:2    | Reached skill level 10 in Poison Magic
 27696 | Orc:2    | Noticed Nergalle
 27713 | Orc:2    | Killed Nergalle
 27764 | Orc:2    | Found Vevu Ibb's Antique Armour Shop.
 27850 | Orc:2    | Found Inliv's Jewellery Shop.
 27887 | Orc:2    | Bought an amulet of regeneration for 450 gold pieces
 27887 | Orc:2    | Bought a ring of willpower for 375 gold pieces
 27945 | Orc:2    | Found Ypedduq's Antique Weapon Shop.
 27964 | Orc:2    | Found a staircase to the Elven Halls.
 27980 | Orc:2    | Found Nipn's General Store.
 28461 | D:13     | Received a gift from Okawaru
 28548 | D:13     | Found a frozen archway.
 28580 | IceCv    | Entered an ice cave
 28581 | IceCv    | Found a transporter.
 28608 | IceCv    | Reached skill level 10 in Fighting
 28608 | IceCv    | Reached skill level 10 in Short Blades
 28608 | IceCv    | Reached skill level 10 in Long Blades
 28608 | IceCv    | Reached skill level 10 in Axes
 28608 | IceCv    | Reached skill level 10 in Maces & Flails
 28608 | IceCv    | Reached skill level 10 in Polearms
 28608 | IceCv    | Reached skill level 10 in Staves
 28608 | IceCv    | Reached skill level 10 in Slings
 28608 | IceCv    | Reached skill level 10 in Bows
 28608 | IceCv    | Reached skill level 10 in Crossbows
 28608 | IceCv    | Reached skill level 10 in Throwing
 28608 | IceCv    | Reached skill level 10 in Armour
 28608 | IceCv    | Reached skill level 10 in Shields
 28608 | IceCv    | Reached skill level 10 in Unarmed Combat
 28608 | IceCv    | Reached skill level 10 in Evocations
 28858 | D:13     | Noticed Ophy Cobb's ghost (journeyman VSCj)
 28859 | D:13     | Found Licheth's General Store.
 28859 | D:13     | Noticed a fire giant
 28869 | D:13     | Bought a potion of mutation for 144 gold pieces
 28884 | D:13     | Found a runed translucent gate.
 28884 | D:13     | Found a runed translucent gate.
 28885 | D:13     | Found a runed translucent gate.
 28947 | D:13     | Identified the +1 hand axe "Soxer" {drain, rF- Will+++
                  | Dex+9 SInv} (Okawaru gifted it to you on level 13 of the
                  | Dungeon)
 28947 | D:13     | Received a gift from Okawaru
 29947 | D:14     | Reached skill level 11 in Invocations
 29964 | D:14     | Received a gift from Okawaru
 30215 | D:6      | Identified the +7 demon blade of Diet Blood {freeze, Str+3
                  | Dex+2 Stlth+}
 30499 | D:14     | Found a white marble altar of Elyvilon.
 30523 | D:14     | Learned a level 5 spell: Bolt of Magma
 31201 | D:14     | Reached XP level 16. HP: 91/124 MP: 11/31
 31202 | D:14     | Gained mutation: You are robust. (+10% HP) [potion of
                  | mutation]
 31202 | D:14     | Gained mutation: You are strong-willed. (Will+) [potion of
                  | mutation]
 31202 | D:14     | Gained mutation: You tend to lose your temper in combat.
                  | [potion of mutation]
 31202 | D:14     | Gained mutation: You are resistant to electric shocks.
                  | (rElec) [potion of mutation]
 31203 | D:14     | Lost mutation: You are strong-willed. (Will+) [potion of
                  | mutation]
 31203 | D:14     | Lost mutation: You tend to lose your temper in combat.
                  | [potion of mutation]
 31203 | D:14     | Lost mutation: You are robust. (+10% HP) [potion of
                  | mutation]
 31203 | D:14     | Gained mutation: You are partially covered in iridescent
                  | scales. (AC +2) [potion of mutation]
 31203 | D:14     | Gained mutation: You have a pair of small horns on your
                  | head. [potion of mutation]
 31203 | D:14     | Gained mutation: You are robust. (+10% HP) [potion of
                  | mutation]
 31204 | D:14     | Lost mutation: You are partially covered in iridescent
                  | scales. (AC +2) [potion of mutation]
 31204 | D:14     | Lost mutation: You have a pair of small horns on your head.
                  | [potion of mutation]
 31204 | D:14     | Gained mutation: Your magical capacity is low. (-10% MP)
                  | [potion of mutation]
 31204 | D:14     | Gained mutation: Your flesh is heat resistant. (rF+)
                  | [potion of mutation]
 31205 | D:14     | Lost mutation: Your magical capacity is low. (-10% MP)
                  | [potion of mutation]
 31205 | D:14     | Lost mutation: You are resistant to electric shocks.
                  | (rElec) [potion of mutation]
 31205 | D:14     | Lost mutation: Your flesh is heat resistant. (rF+) [potion
                  | of mutation]
 31205 | D:14     | Gained mutation: Your flesh is cold resistant. (rC+)
                  | [potion of mutation]
 31205 | D:14     | Gained mutation: You sometimes lose the ability to read
                  | scrolls when taking damage. [potion of mutation]
 31205 | D:14     | Lost mutation: You are robust. (+10% HP) [potion of
                  | mutation]
 31205 | D:14     | Gained mutation: You are strong-willed. (Will+) [potion of
                  | mutation]
 31206 | D:14     | Lost mutation: Your flesh is cold resistant. (rC+) [potion
                  | of mutation]
 31206 | D:14     | Lost mutation: You are strong-willed. (Will+) [potion of
                  | mutation]
 31206 | D:14     | Lost mutation: You sometimes lose the ability to read
                  | scrolls when taking damage. [potion of mutation]
 31206 | D:14     | Gained mutation: You are resistant to electric shocks.
                  | (rElec) [potion of mutation]
 31206 | D:14     | Gained mutation: Your magical capacity is low. (-10% MP)
                  | [potion of mutation]
 31206 | D:14     | Gained mutation: You are agile. (Dex +2) [potion of
                  | mutation]
 31343 | D:8      | Bought a potion of mutation for 80 gold pieces
 31343 | D:8      | Lost mutation: Your magical capacity is low. (-10% MP)
                  | [potion of mutation]
 31343 | D:8      | Lost mutation: You are agile. (Dex +2) [potion of mutation]
 31343 | D:8      | Lost mutation: You are resistant to electric shocks.
                  | (rElec) [potion of mutation]
 31343 | D:8      | Gained mutation: Your magical capacity is low. (-10% MP)
                  | [potion of mutation]
 31343 | D:8      | Gained mutation: You sometimes lose the ability to read
                  | scrolls when taking damage. [potion of mutation]
 31343 | D:8      | Gained mutation: You are partially covered in iridescent
                  | scales. (AC +2) [potion of mutation]
 31696 | D:14     | Identified the +6 broad axe "Piudefun" {venom, rPois Str+3}
 31698 | D:14     | Found a gate to the Vaults.
 31800 | D:15     | Entered Level 15 of the Dungeon
 32007 | D:15     | Found Doahaoch's Assorted Antiques.
 32016 | D:15     | Bought a dazzling scale mail for 297 gold pieces
 32016 | D:15     | Identified the +0 scale mail of Life {rPois rF++} (You
                  | bought it in a shop on level 15 of the Dungeon)
 32142 | D:15     | Found a one-way gate to the infinite horrors of the Abyss.
 32144 | D:15     | Found a corrupted altar of Lugonu.
 32297 | D:15     | Reached XP level 17. HP: 112/129 MP: 15/29
 32420 | D:15     | Received a gift from Okawaru
 32591 | D:15     | Found a staircase to the Depths.
 33200 | Snake:1  | Entered Level 1 of the Snake Pit
 33200 | Snake:1  | Found Xiajudgh's Assorted Antiques.
 33225 | Snake:1  | Bought a scroll of blinking for 202 gold pieces
 33607 | Snake:1  | Found Buef's Jewellery Shop.
 33608 | Snake:1  | Found Hethrown's Book Shoppe.
 33608 | Snake:1  | Found Taorchuc's Book Shoppe.
 34044 | Snake:2  | Noticed Nikola
 34060 | Snake:2  | Killed Nikola
 34170 | Snake:2  | Reached skill level 12 in Invocations
 34627 | Snake:2  | Received a gift from Okawaru
 35148 | Snake:2  | Found Idevenkiy's General Store.
 35151 | Snake:2  | Bought a book of Hexes for 700 gold pieces
 35157 | Snake:2  | Learned a level 5 spell: Yara's Violent Unravelling
 36066 | Snake:3  | Reached skill level 10 in Transmutations
 36109 | Snake:3  | Received a gift from Okawaru
 36211 | Snake:3  | Reached XP level 18. HP: 138/138 MP: 30/30
 36270 | Snake:3  | Received a gift from Okawaru
 36644 | Snake:3  | Noticed Agnes
 36656 | Snake:3  | Killed Agnes
 36729 | Snake:3  | Found Ruev's Antique Armour Boutique.
 36729 | Snake:3  | Found Cugratas's Distillery.
 37058 | Snake:4  | Entered Level 4 of the Snake Pit
 37058 | Snake:4  | Noticed Vashnia
 37301 | Snake:4  | Received a gift from Okawaru
 37358 | Snake:4  | Reached skill level 10 in Conjurations
 37358 | Snake:4  | Reached skill level 10 in Hexes
 37358 | Snake:4  | Reached skill level 10 in Summonings
 37358 | Snake:4  | Reached skill level 10 in Necromancy
 37358 | Snake:4  | Reached skill level 10 in Translocations
 37358 | Snake:4  | Reached skill level 10 in Fire Magic
 37358 | Snake:4  | Reached skill level 10 in Ice Magic
 37358 | Snake:4  | Reached skill level 10 in Air Magic
 37358 | Snake:4  | Reached skill level 10 in Earth Magic
 37403 | Snake:4  | Killed Vashnia
 38017 | Snake:4  | Received a gift from Okawaru
 38028 | Snake:4  | Reached skill level 13 in Invocations
 38213 | Snake:4  | Learned a level 6 spell: Iron Shot
 38255 | Snake:4  | HP: 1/140 [nagaraja/+0 halberd (41)]
 38255 | Snake:4  | Slain by a nagaraja

Illustrated notes

Levels and vault maps discovered:
D:1:      minmay_arrival_glassed_features, layout_loops_ring,
          hellmonk_ecumenical_altar_blasted
D:2:      minmay_inner_zag, layout_rooms, serial_shops, shop, uniq_natasha
D:3:      layout_loops_ring, portal_sewer_entry_f
D:4:      layout_basic, minmay_temple_entry_water_ring, serial_curves,
          eino_curves_02, eino_curves_04, eino_curves_02, minmay_door_square,
          uniq_edmund, uniq_robin
D:5:      layout_cave_pools, lightli_church_of_beogh
D:6:      layout_loops_ring, sword_in_stone, uniq_grinder
D:7:      layout_loops_ring, serial_shops, nicolae_shop_stone, shop,
          nicolae_shop_crystal, kennysheep_big_empty_room, uniq_menkaure
D:8:      layout_cave_pools, serial_shops, nicolae_shop_waterfront,
          serial_gnoll_camp, gnoll_camp_mini_hut, gnoll_camp_mini_house,
          gnoll_camp_huts_basic, gnoll_camp_mini_house
D:9:      layout_basic, nicolae_dithmenos_shadow_blocks, erik_lair_dragon
D:10:     layout_roguey, minmay_ruffians
D:11:     layout_cave_pods
D:12:     layout_cave_pools, kennysheep_orc_monster_closet_entryway,
          gauntlet_entry_generic
D:13:     layout_stronghold, portal_ice_cave_entry_imps, gammafunk_ghost_split,
          serial_shops, nicolae_shop_crystal, grunt_livestock
D:14:     layout_loops_cross, ximxim_vaults_locker_room, elyvilon_altar_5,
          nooodl_orcs_dogs
D:15:     hangedman_depths_entry_try_elsewhere_first, layout_long_grid,
          serial_shops, nicolae_shop_statue_plus, nicolae_water_bricks,
          amcnicky_altar_lugonu_corruption
Temple:   compressed_dpeg_triangle_lava_temple
Lair:1:   layout_regular_city, chequers_serial_rivers_large_a
Lair:2:   layout_gridlike, guppyfry_snake_entry_garden,
          infiniplex_staircase_pool, grunt_megastairs_4
Lair:3:   layout_gridlike, elwin_shoals_entry_stream
Lair:4:   layout_gridlike, uniq_kirke
Lair:5:   layout_regular_city, slime_altar_1, lemuel_fruit_fields
Lair:6:   grunt_lair_end_beastmaster, layout_cave_pods, ebering_ghost_xom
Snake:1:  layout_onion_interference, serial_shops, shop, drop_trap,
          guppyfry_snake_island, minmay_shop_grove
Snake:2:  layout_layer_cave, serial_shops, nicolae_shop_behind_doors,
          uniq_nikola
Snake:3:  layout_gridlike, grunt_megastairs_5, minmay_shoptagon, uniq_agnes
Snake:4:  snake_pit, layout_rooms, uniq_vashnia
Orc:1:    layout_diamond_mine
Orc:2:    grunt_orc_cross, layout_caves, serial_shops, shop

Skill      XL: |  1  2  3  4  5  6  7  8  9 10 11 12 13 14 15 16 17 18 |
---------------+-------------------------------------------------------+-----
Transmutations | 2 3 4 5 6 7 8 9 10 | 10.5
Spellcasting   | 5 6 7 8 9 10 11 12 | 12.9
Invocations    | 1 2 3 4 5 6 7 8 9 10 11 12 13 | 13.0
Fighting       | 1 2 3 4 5 6 7 8 9 10 11 12 | 12.0
Short Blades   | 1 2 3 4 5 6 7 8 9 10 11 12 | 12.0
Long Blades    | 1 2 3 4 5 6 7 8 9 10 11 12 | 12.0
Axes           | 1 2 3 4 5 6 7 8 9 10 11 12 | 12.0
Maces & Flails | 1 2 3 4 5 6 7 8 9 10 11 12 | 12.0
Polearms       | 1 2 3 4 5 6 7 8 9 10 11 12 | 12.0
Staves         | 1 2 3 4 5 6 7 8 9 10 11 12 | 12.0
Slings         | 1 2 3 4 5 6 7 8 9 10 11 12 | 12.0
Bows           | 1 2 3 4 5 6 7 8 9 10 11 12 | 12.0
Crossbows      | 1 2 3 4 5 6 7 8 9 10 11 12 | 12.0
Throwing       | 1 2 3 4 5 6 7 8 9 10 11 12 | 12.0
Armour         | 1 2 3 4 5 6 7 8 9 10 11 12 | 12.0
Shields        | 1 2 3 4 5 6 7 8 9 10 11 12 | 12.0
Unarmed Combat | 1 2 3 4 5 6 7 8 9 10 11 12 | 12.0
Evocations     | 1 2 3 4 5 6 7 8 9 10 11 12 | 12.0
Conjurations   | 1 2 3 4 5 6 7 8 9 10 | 10.3
Hexes          | 1 2 3 4 5 6 7 8 9 10 | 10.3
Summonings     | 1 2 3 4 5 6 7 8 9 10 | 10.3
Necromancy     | 1 2 3 4 5 6 7 8 9 10 | 10.3
Translocations | 1 2 3 4 5 6 7 8 9 10 | 10.3
Fire Magic     | 1 2 3 4 5 6 7 8 9 10 | 10.3
Ice Magic      | 1 2 3 4 5 6 7 8 9 10 | 10.3
Air Magic      | 1 2 3 4 5 6 7 8 9 10 | 10.3
Earth Magic    | 1 2 3 4 5 6 7 8 9 10 | 10.3
Dodging        | 5 6 7 8 9 10 11 12 | 12.7
Stealth        | 5 6 7 8 9 10 11 12 | 12.6
Poison Magic   | 6 7 8 9 10 11 | 11.5

Action                   |  1- 3 |  4- 6 |  7- 9 | 10-12 | 13-15 | 16-18 || total
-------------------------+-------+-------+-------+-------+-------+-------++-------
Melee: Unarmed           |     5 |       |       |       |       |       ||     5
       Spear             |    32 |    88 |    49 |    12 |       |       ||   181
       Bite              |       |     7 |    15 |    22 |    89 |   105 ||   238
       Flail             |       |       |   169 |    16 |       |       ||   185
       Punch             |       |       |     5 |     1 |       |       ||     6
       Trident           |       |       |       |   333 |   699 |       ||  1032
       Demon blade       |       |       |       |       |    91 |   639 ||   730
 Cast: Sting             |    39 |    58 |    79 |    54 |    34 |     4 ||   268
       Poisonous Vapours |     2 |     4 |    28 |    14 |    32 |     7 ||    87
       Ignite Poison     |       |     4 |    27 |    44 |    72 |     5 ||   152
       Olgreb's Toxic Ra |       |     4 |    18 |    38 |    64 |     6 ||   130
       Mephitic Cloud    |       |       |    14 |    12 |    18 |     3 ||    47
       Irradiate         |       |       |       |       |    17 |    15 ||    32
       Bolt of Magma     |       |       |       |       |     2 |     8 ||    10
       Eringya's Noxious |       |       |       |       |     2 |     1 ||     3
       Statue Form       |       |       |       |       |       |    29 ||    29
       Yara's Violent Un |       |       |       |       |       |     3 ||     3
       Iron Shot         |       |       |       |       |       |     2 ||     2
Invok: Heroism           |       |       |     1 |       |     5 |     8 ||    14
       Finesse           |       |       |       |       |     1 |     2 ||     3
Evoke: Wand              |       |       |       |     6 |     6 |    12 ||    24
  Use: Scroll            |       |     2 |     6 |     9 |    18 |     5 ||    40
       Potion            |       |       |     1 |     2 |     6 |     9 ||    18
 Stab: Sleeping          |     1 |     2 |    11 |    11 |     8 |    12 ||    45
       Distracted        |       |     1 |       |     3 |     3 |     1 ||     8
       Confused          |       |       |     1 |     4 |       |       ||     5
       Paralysed         |       |       |       |     7 |       |       ||     7
Armor: Robe              |     6 |    18 |    83 |    23 |       |       ||   130
       Acid dragon scale |       |       |       |   106 |   246 |    41 ||   393
       Skin              |       |       |       |       |       |   265 ||   265
Dodge: Dodged            |    36 |    86 |   196 |   211 |   391 |   613 ||  1533
Block: Buckler           |       |       |       |   117 |   296 |   397 ||   810
       Rpst.: Demon blade |       |       |       |       |    16 |   116 ||   132

Table legend: (Time is in decaauts)
 A = Elapsed time spent in this place.
 B = Non-inter-level travel time spent in this place.
 C = Inter-level travel time spent in this place.
 D = Time resting spent in this place.
 E = Time spent auto-exploring this place.
 F = Levels seen in this place.
 G = Mean time per level.
                   A        B        C        D        E       F      G
               +--------+--------+--------+--------+--------+-----+--------+
         Total |  38670 |  35931 |   2739 |   5505 |  24553 |  30 | 1289.0 |
       Dungeon |  19953 |  17870 |   2083 |   2735 |  12404 |  15 | 1330.2 |
        Temple |    576 |    563 |     13 |    181 |    359 |   1 |  576.0 |
          Lair |   9565 |   9242 |    323 |   1216 |   6767 |   6 | 1594.2 |
     Snake Pit |   5438 |   5237 |    201 |    858 |   3079 |   4 | 1359.5 |
  Orcish Mines |   2000 |   1881 |    119 |    216 |   1326 |   2 | 1000.0 |
         Sewer |   1075 |   1075 |      0 |    299 |    617 |   1 | 1075.0 |
      Ice Cave |     62 |     62 |      0 |      0 |      0 |   1 |   62.0 |
               +--------+--------+--------+--------+--------+-----+--------+

Top non-repeatable levels by time:
  Lair:6: 2533 daAuts
     D:9: 2340 daAuts
 Snake:3: 1872 daAuts
  Lair:3: 1858 daAuts
    D:14: 1846 daAuts
 Snake:2: 1832 daAuts
     D:4: 1735 daAuts
     D:8: 1628 daAuts
  Lair:5: 1552 daAuts
     D:5: 1475 daAuts
     D:6: 1426 daAuts
  Lair:1: 1420 daAuts
   Orc:2: 1410 daAuts
    D:11: 1294 daAuts
    D:10: 1244 daAuts
